 Dungeon Crawl Stone Soup version 0.27-a0-1202-ge72e49191c (webtiles) character file.

Game seed: 17610770244644397019

65 porpoise the Chucker (level 3, -3/33 HPs)
             Began as a Troll Hunter on June 3, 2021.
             Slain by Terence
             ... wielding a +2 flail of protection
              (9 damage)
             ... on level 3 of the Dungeon.
             The game lasted 00:03:37 (2137 turns).

porpoise the Chucker (Troll Hunter)                 Turns: 2137, Time: 00:03:38

Health: -3/33      AC:  4    Str: 20    XL:     3   Next: 92%
Magic:  2/2        EV:  9    Int:  7    God:
Gold:   101        SH:  0    Dex: 11    Spells: 2/2 levels left

rFire    . . .     SeeInvis .     - Unarmed
rCold    . . .     Faith    .   (no shield)
rNeg     . . .     Spirit   .   f - +0 robe
rPois    .         Reflect  .   (helmet restricted)
rElec    .         Harm     .   (no cloak)
rCorr    .         Rampage  .   (gloves unavailable)
Will     .....                  (boots unavailable)
Stlth    +.........             (no amulet)
HPRegen  1.11/turn              (no ring)
MPRegen  0.08/turn              (no ring)

@: no status effects
A: large, unfitting armour, claws 3, regeneration 1, shaggy fur 1, tough skin 1
a: no special abilities


You were on level 3 of the Dungeon.
You visited 1 branch of the dungeon, and saw 3 of its levels.

You collected 101 gold pieces.

Inventory:

Missiles
 a - 39 stones
 b - 58 sling bullets
 c - 8 large rocks (quivered)
 d - 2 throwing nets
 n - 2 poisoned darts
Armour
 f - a +0 robe (worn)
Scrolls
 e - a scroll of holy word {unknown}
 i - a scroll of brand weapon {unknown}
 j - a scroll of teleportation {unknown}
 m - a scroll of magic mapping {unknown}
Potions
 g - a potion of flight {unknown}
 h - a potion of haste {unknown}
 k - 2 potions of curing {unknown}
 l - a potion of resistance {unknown}


   Skills:
 - Level 1.5 Fighting
 - Level 3.6 Throwing
 - Level 1.5 Dodging
 - Level 0.3 Stealth
 + Level 3.6 Unarmed Combat


You had 2 spell levels left.
You didn't know any spells.
Your spell library contained the following spells:

 Spells                   Type           Power      Damage    Failure   Level
 Confusing Touch          Hex            0%         N/A       80%         3
 Gell's Gravitas          Tloc           0%         N/A       80%         3
 Petrify                  Tmut/Erth      0%         N/A       99%         4
 Metabolic Englaciation   Hex/Ice        0%         N/A       100%        5
 Yara's Violent Unravell  Hex/Tmut       0%         3d3       100%        5


Dungeon Overview and Level Annotations

Branches:
Dungeon (3/15)

Altars:

Annotations:
D:3 Terence


Innate Abilities, Weirdness & Mutations

You are too large for most types of armour.
You have claws for hands.
Your natural rate of healing is unusually fast.
You are covered in fur. (AC +1)
You have tough skin. (AC +1)


Message History

The kobold hits you with a +2 dagger of freezing.
The kobold freezes you.
You scratch the kobold.
You kill the kobold!
You feel sick.
You start resting.
You feel sick. x7
You are no longer poisoned.
You start resting.
HP restored.
a - 25 stones (gained 3);
n - 2 poisoned darts
Items here: ))) †.
Okay, then.
b - 58 sling bullets (gained 20)
a - 39 stones (gained 14)
Found a whip.
An endoplasm and Terence come into view.
Terence is wielding a +2 flail of protection.
Terence shouts!
A quokka comes into view.
Throw: 10 large rocks
Press: ? - help, Q - select action, (/) - cycle Shift-Dir - straight line, f - Terence
Aim: Terence, wielding a +2 flail of protection and wearing a +0 scale mail (60% to hit)
You throw a large rock. The large rock hits Terence!
Terence is moderately wounded.
Terence hits you with a +2 flail of protection!
You barely miss Terence.
Terence is moderately wounded.
Terence hits you with a +2 flail of protection!
You closely miss Terence.
Terence is moderately wounded.
Terence hits you with a +2 flail of protection!
* * * LOW HITPOINT WARNING * * *
Throw: 9 large rocks
Press: ? - help, Q - select action, (/) - cycle Shift-Dir - straight line, f/p - Terence
Aim: Terence, wielding a +2 flail of protection and wearing a +0 scale mail (moderately wounded, 60% to hit)
You throw a large rock.
The large rock completely misses Terence.
The large rock closely misses the quokka.
Terence hits you with a +2 flail of protection!
You die...

#.##...#r..
#.........#
#........$#
.........# #
J......# #. ......#
##.#######J..#
.......@@(.(#
##.#.###r####
#........# ##.# #
#.#.#.#..# #..#
..##........# #".#
....#.#.#.## #..#
#.......# #..#
#.#.#.#.# #..#
#.......#####..###.#


You could see Terence, an endoplasm (wandering) and a quokka.

Vanquished Creatures
  3 adders
  A worm (D:2)
  An orc (D:3)
  3 endoplasms
  3 giant cockroaches
  2 goblins (D:1)
  2 hobgoblins
  3 quokkas (D:1)
  3 ball pythons
  2 bats (D:2)
  2 frilled lizards (D:1)
  6 kobolds
  3 rats
34 creatures vanquished.

Notes
Turn   | Place    | Note
-------+----------+-------------------------------------------
     0 | D:1      | porpoise the Troll Hunter began the quest for the Orb.
     0 | D:1      | Reached XP level 1. HP: 19/19 MP: 0/0
   208 | D:1      | Reached skill level 1 in Unarmed Combat
   510 | D:1      | Reached XP level 2. HP: 27/27 MP: 1/1
  1218 | D:2      | Reached XP level 3. HP: 33/33 MP: 2/2
  1454 | D:2      | Found a faded altar of an unknown god.
  2130 | D:3      | Noticed Terence
  2137 | D:3      | Slain by Terence

Illustrated notes

Levels and vault maps discovered:
D:1:      dpeg_arrival_three_same_balls, layout_rooms
D:2:      layout_basic, basic_ecumenical_altar, dk_noncrumbling_4
D:3:      layout_loops_ring, ebering_ghost_sewer_f, serial_glass,
          glass_columns_b, glass_columns_b, glass_columns_a, glass_columns_c,
          uniq_terence

Skill      XL: |  1  2  3 |
---------------+----------+-----
Unarmed Combat | 1 2 3 |  3.6
Fighting       | |  1.5
Throwing       | |  3.6
Dodging        | |  1.5
Stealth        | |  0.3

Action                   || total
-------------------------++-------
Melee: Unarmed           ||    60
       Punch             ||     1
Throw: Large rock        ||     7
 Stab: Sleeping          ||     1
Armor: Robe              ||    19
Dodge: Dodged            ||    17

Table legend: (Time is in decaauts)
 A = Elapsed time spent in this place.
 B = Non-inter-level travel time spent in this place.
 C = Inter-level travel time spent in this place.
 D = Time resting spent in this place.
 E = Time spent auto-exploring this place.
 F = Levels seen in this place.
 G = Mean time per level.
                   A        B        C        D        E       F      G
               +--------+--------+--------+--------+--------+-----+--------+
         Total |   2139 |   2026 |    113 |    425 |   1378 |   3 |  713.0 |
       Dungeon |   2139 |   2026 |    113 |    425 |   1378 |   3 |  713.0 |
               +--------+--------+--------+--------+--------+-----+--------+

Top non-repeatable levels by time:
     D:2: 1191 daAuts
     D:1: 872 daAuts
     D:3: 75 daAuts
